AoeStats
← TM Caesar

Arena

507118377Analyzed
1v1 RM · 17d ago on Sep 16, 2026· 58m 51s· 2 players
Game mode
Random Map
Map size
Tiny (2 player)
Population
200
Speed
Normal
Resources
Standard
Victory
Conquest
Starting age
Dark Age
Ending age
Imperial Age
RankedLock teamsTeams togetherTeam positionsShared explorationLock speedFull tech treeHidden civsTurbo modeCheats
Victory
Defeat
🇲🇽 Cumans · Mexico
1791
+14
🇦🇷 Wei · Argentina
1753
-14
TM Caesar
7:08 Loom
9:19 Feudal Age
9:48 Double-Bit Axe
9:47 Horse Collar
16:39 Fletching
19:26 Wheelbarrow
21:17 Man-at-Arms
21:58 Scale Mail Armor
22:47 Forging
27:00 Town Watch
27:46 Arson
31:37 Castle Age
31:44 Long Swordsman
32:26 Squires
33:10 Chain Mail Armor
32:33 Pikeman
33:34 Bow Saw
43:13 Heavy Plow
50:30 Imperial Age
50:01 Scale Barding Armor
50:26 Bodkin Arrow
53:46 Gold Mining
55:56 Bracer
59:41 Parthian Tactics
MztK | FeNiX
4:56 Loom
8:25 Feudal Age
15:11 Fletching
15:26 Town Watch
17:39 Scale Mail Armor
20:29 Gold Mining
25:23 Castle Age
29:26 Bodkin Arrow
33:18 Scale Barding Armor
39:11 Chain Barding Armor
41:41 Padded Archer Armor
43:15 Ballistics
43:51 Leather Archer Armor
46:20 Double-Bit Axe
51:55 Imperial Age
53:28 Ring Archer Armor
57:57 Forging
58:48 Light Cavalry
Connection lost

Rejoining the realm…

Still unreachable

The connection could not be restored.

Session expired

The server has moved on; the page needs a fresh start.